 Dungeon Crawl Stone Soup version 0.31.0-11-ge490571c62 (webtiles) character file.

Game seed: 1694912509093911959

2359 PieDemon the Cleaver (level 9, -1/74 HPs)
             Began as a Gnoll Cinder Acolyte on Jan 31, 2024.
             Was an Elder of Ignis.
             Slain by a wight
             ... wielding a +2 halberd of freezing
              (15 damage)
             ... on level 6 of the Dungeon.
             The game lasted 00:31:30 (5809 turns).

PieDemon the Cleaver (Gnoll Cinder Acolyte)         Turns: 5809, Time: 00:31:38

Health: -1/74      AC:  3    Str: 17    XL:     9   Next: 44%
Magic:  14/25      EV: 13    Int: 14    God:    Ignis [****..]
Gold:   317        SH:  5    Dex: 14    Spells: 15/18 levels left

rFire   + . .        a - +2 hand axe (pain)
rCold   . . .        y - +0 buckler
rNeg    + . .        I - +0 leather armour {rN+}
rPois   .            C - melded +0 helmet
rElec   .            c - melded +0 cloak
rCorr   .            h - melded +0 pair of gloves
SInv    .            (boots currently unavailable)
Will    .....        k - amulet of the acrobat
Stlth   ++           l - +6 ring of dexterity
HPRegen 0.32/turn    v - ring of magical power
MPRegen 0.19/turn

%: acrobat
@: beast-form
A: beast (slay +2), fangs 1, strong nose, distributed training
a: Begin Untransformation, Renounce Religion, Fiery Armour, Foxfire Swarm,
Rising Flame


You were on level 6 of the Dungeon.
You worshipped Ignis.
Ignis was greatly pleased with you.
You were a hulking beast.
You visited 1 branch of the dungeon, and saw 6 of its levels.

You collected 317 gold pieces.

Inventory:

Hand Weapons
 a - a +2 hand axe of pain (weapon)
 b - a +0 rapier of electrocution
 r - a +0 sling
Missiles
 x - 2 boomerangs
Armour
 c - a +0 cloak (melded)
 g - a +0 plate armour
 h - a +0 pair of gloves (melded)
 s - a +0 scale mail
 y - a +0 buckler (worn)
 B - a +0 ring mail
 C - a +0 helmet (melded)
 I - a +0 leather armour of positive energy (worn)
 J - a +0 chain mail
Magical Staves
 F - a staff of conjuration
Jewellery
 k - an amulet of the acrobat (around neck)
 l - a +6 ring of dexterity (left hand)
 v - a ring of magical power (right hand)
 z - a +6 ring of dexterity
 H - a ring of see invisible
Talismans
 R - a beast talisman (active)
Wands
 u - a wand of flame (11)
 w - a wand of mindburst (12)
Scrolls
 d - 2 scrolls of amnesia
 e - a scroll of teleportation
 i - a scroll of identify
 j - a scroll of fear {unknown}
 n - a scroll of fog {unknown}
 D - a scroll of acquirement {unknown}
 E - a scroll of summoning
 K - a scroll of blinking
 M - a scroll of enchant armour {unknown}
 N - a scroll of vulnerability {unknown}
 P - a scroll of immolation {unknown}
 Q - a scroll of enchant weapon {unknown}
 S - a scroll of noise {unknown}
Potions
 f - a potion of attraction {unknown}
 m - 2 potions of brilliance
 o - 5 potions of curing
 p - a potion of berserk rage {unknown}
 q - a potion of cancellation {unknown}
 t - 2 potions of invisibility
 A - a potion of mutation {unknown}
 G - a potion of lignification {unknown}
 L - a potion of haste {unknown}
 O - a potion of heal wounds {unknown}


   Skills:
 + Level 8.0 Fighting
 + Level 4.4 Short Blades
 + Level 4.4 Long Blades
 + Level 8.0 Axes
 + Level 4.4 Maces & Flails
 + Level 4.4 Polearms
 + Level 4.4 Staves
 + Level 4.4 Ranged Weapons
 + Level 4.4 Throwing
 + Level 4.4 Armour
 + Level 4.4 Dodging
 + Level 4.4 Stealth
 + Level 4.4 Shields
 + Level 4.4 Unarmed Combat
 + Level 5.3 Spellcasting
 + Level 3.6 Conjurations
 + Level 3.6 Hexes
 + Level 3.6 Summonings
 + Level 3.6 Necromancy
 + Level 3.6 Translocations
 + Level 6.6 Fire Magic
 + Level 3.6 Ice Magic
 + Level 3.6 Air Magic
 + Level 3.6 Earth Magic
 + Level 3.6 Alchemy
 + Level 4.9 Invocations
 + Level 4.4 Evocations
 + Level 4.0 Shapeshifting


You had 15 spell levels left.
You knew the following spells:

 Your Spells              Type           Power      Damage    Failure   Level
a - Scorch                Fire           44%        2d6       2%          2
b - Kiss of Death         Conj/Necr      52%        2d9       6%          1

Your spell library contained the following spells:

 Spells                   Type           Power      Damage    Failure   Level
 Confusing Touch          Hex            13%        N/A       17%         3
 Ozocubu's Armour         Ice            13%        N/A       17%         3
 Dispel Undead            Necr           13%        3d9       50%         4
 Metabolic Englaciation   Hex/Ice        6%         N/A       85%         5
 Sculpt Simulacrum        Ice/Alch       6%         N/A       100%        6


Dungeon Overview and Level Annotations

Branches:
Dungeon (6/15)             Temple (0/1) D:4

Altars:
The Shining One

Shops:
D:2 *

Annotations:
D:2 1 runed translucent door, 1 exclusion, Crazy Yiuf, Natasha
D:3 exclusion: downstairs
D:5 exclusion: 2 downstairs


Innate Abilities, Weirdness & Mutations

You are a hulking beast.
Your limbs bulge with bestial killing power. (Slay +2)
You have very sharp teeth.
Your uncanny sense of smell can sniff out nearby items.
Your experience applies equally to all skills.


Message History

Your Fighting skill increases to level 8!
Your Axes skill increases to level 8!
Your Shapeshifting skill increases to level 4!
Unknown command.
The foxfire hits the wight.
The wight is heavily damaged.
The foxfire hits the wight but does no damage.
The wight is heavily damaged.
The foxfire hits the wight but does no damage.
The wight is heavily damaged.
The foxfire hits the wight.
The wight is heavily damaged.
The foxfire hits the wight but does no damage.
The wight is heavily damaged.
Unknown command.
Casting: Scorch (safe; 2% risk of failure)
Confirm with . or Enter, or press ? or * to list all spells.
Flames lash the wight.
The wight is almost destroyed.
The wight's fire resistance burns away.
You block the wight's attack.
Unknown command.
Casting: Scorch (safe; 2% risk of failure)
Confirm with . or Enter, or press ? or * to list all spells.
Flames lash the wight.
The wight is burned terribly!
You destroy the wight!
The wight hits you from afar with a +2 halberd of freezing!
* * * LOW HITPOINT WARNING * * *
You partially resist.
You feel drained.
* * * LOW HITPOINT WARNING * * *
The wight freezes you.
* * * LOW HITPOINT WARNING * * *
Your life force feels restored.
Okay, then.
Unknown command.
Aiming: Mindburst
Press: ? - help, Shift-Dir - straight line, f - wight
Aim: a wight, wielding a +2 halberd of freezing and wearing a +0 robe (severely damaged, chance to affect: 80%)
The wight barely resists.
The wight hits you from afar with a +2 halberd of freezing!
You die...

#. #.##.).......... #.
#...).....g.....
###.###.##.......##.#.
#.......##.......##.#.
#.....<)##.......##...
#....)..##.......####)
#...z)..##.......# #)
#....)..########## #.
#....h..# #. #.......#
#. ####.#### #. #. #.
#. #. #. .. ## ##


You could see a wight.

Vanquished Creatures
  The ghost of Vila42 the Cudgeller, an amateur GrMo (D:4)
  The ghost of ces the Shooter, an amateur SpHu (D:5)
  Duvessa (D:4)
  A black bear (D:6)
  3 ice beasts
  A centaur (D:6)
  A phantom (D:5)
  Blork the orc (D:4)
  A bullfrog (D:5)
  A gnoll sergeant (D:6)
  3 wights (D:6)
  Dowan (D:4)
  4 bombardier beetles
  4 hounds
  A gnoll bouda (D:6)
  A jelly (D:6)
  3 orc priests
  A sleepcap (D:6)
  Jessica (D:3)
  6 orc wizards
  5 iguanas
  7 gnolls
  9 adders
  A shadow imp (D:5)
  A white imp (D:5)
  A dart slug (D:2)
  3 ribbon worms
  19 orcs
  9 endoplasms
  3 giant cockroaches
  13 goblins
  5 hobgoblins
  9 jackals
  3 quokkas
  6 ball pythons
  8 bats
  6 frilled lizards
  6 kobolds
  5 rats
156 creatures vanquished.

Vanquished Creatures (others)
  21 foxfires (D:6)
21 creatures vanquished.

Grand Total: 177 creatures vanquished

Notes
Turn   | Place    | Note
-------+----------+-------------------------------------------
     0 | D:1      | PieDemon the Gnoll Cinder Acolyte began the quest for the
                  | Orb.
     0 | D:1      | Reached XP level 1. HP: 23/23 MP: 4/4
   269 | D:1      | Reached XP level 2. HP: 29/29 MP: 5/5
   541 | D:1      | Reached XP level 3. HP: 33/35 MP: 7/7
   799 | D:2      | Reached skill level 1 in Invocations
   817 | D:2      | Noticed Natasha
   889 | D:2      | Learned a level 2 spell: Scorch
  1056 | D:2      | Found a runed translucent door.
  1057 | D:2      | Noticed Crazy Yiuf
  1152 | D:2      | Reached skill level 1 in Short Blades
  1152 | D:2      | Reached skill level 1 in Long Blades
  1152 | D:2      | Reached skill level 1 in Maces & Flails
  1152 | D:2      | Reached skill level 1 in Polearms
  1152 | D:2      | Reached skill level 1 in Staves
  1152 | D:2      | Reached skill level 1 in Ranged Weapons
  1152 | D:2      | Reached skill level 1 in Throwing
  1152 | D:2      | Reached skill level 1 in Armour
  1152 | D:2      | Reached skill level 1 in Dodging
  1152 | D:2      | Reached skill level 1 in Stealth
  1152 | D:2      | Reached skill level 1 in Shields
  1152 | D:2      | Reached skill level 1 in Unarmed Combat
  1152 | D:2      | Reached skill level 1 in Evocations
  1281 | D:2      | Found Nuevivaust's Assorted Antiques.
  1913 | D:3      | Reached skill level 1 in Shapeshifting
  1913 | D:3      | Reached XP level 4. HP: 36/41 MP: 8/8
  1999 | D:3      | Reached skill level 1 in Conjurations
  1999 | D:3      | Reached skill level 1 in Hexes
  1999 | D:3      | Reached skill level 1 in Summonings
  1999 | D:3      | Reached skill level 1 in Necromancy
  1999 | D:3      | Reached skill level 1 in Translocations
  1999 | D:3      | Reached skill level 1 in Ice Magic
  1999 | D:3      | Reached skill level 1 in Air Magic
  1999 | D:3      | Reached skill level 1 in Earth Magic
  1999 | D:3      | Reached skill level 1 in Alchemy
  2166 | D:3      | Noticed Jessica
  2173 | D:3      | Killed Jessica
  2174 | D:3      | Reached XP level 5. HP: 34/47 MP: 4/9
  2352 | D:3      | Found a glowing golden altar of the Shining One.
  2451 | D:3      | Found a faded altar of an unknown god.
  2809 | D:4      | Found a runed translucent door.
  2817 | D:4      | Noticed Vila42's ghost (amateur GrMo)
  2941 | D:4      | Noticed Blork the orc
  2955 | D:4      | Killed Blork the orc
  2956 | D:4      | Reached XP level 6. HP: 33/53 MP: 7/11
  3343 | D:4      | Found a staircase to the Ecumenical Temple.
  3344 | D:4      | Noticed an ice beast
  3363 | D:4      | Killed an ice beast
  3364 | D:4      | Reached XP level 7. HP: 28/60 MP: 12/12
  3501 | D:4      | Noticed Duvessa
  3501 | D:4      | Noticed Dowan
  3511 | D:4      | Killed Duvessa
  3514 | D:4      | Killed Dowan
  4103 | D:4      | Killed Vila42's ghost
  4104 | D:4      | Reached XP level 8. HP: 67/67 MP: 13/14
  4215 | D:5      | Entered Level 5 of the Dungeon
  4273 | D:5      | Learned a level 1 spell: Kiss of Death
  4926 | D:5      | Found a runed translucent door.
  4929 | D:5      | Noticed ces's ghost (amateur SpHu)
  4938 | D:5      | Killed ces's ghost
  4939 | D:5      | Reached XP level 9. HP: 69/73 MP: 11/16
  4943 | D:5      | Found a runed translucent door.
  5096 | D:6      | Reached skill level 5 in Spellcasting
  5809 | D:6      | Slain by a wight

Illustrated notes

Levels and vault maps discovered:
D:1:      saegor_arrival_simple_d, layout_loops_ring, chequers_garden,
          kennysheep_decorative_pillar
D:2:      layout_basic, serial_shops, nicolae_shop_tiny_waterfront,
          uniq_natasha, uniq_crazy_yiuf_cottage
D:3:      layout_basic, overflow_temple_1_default,
          ebering_ecumenical_altar_petrified, uniq_jessica
D:4:      minmay_inner_zag, layout_loops_ring, minmay_temple_entry_overgrown,
          ebering_ghost_reflecting_pool, uniq_blork_the_orc, uniq_duvessa
D:5:      layout_basic, ebering_ghost_sewer_f, minmay_misc_feat_more_columns
D:6:      layout_loops_cross, lemuel_round_altar

Skill      XL: |  1  2  3  4  5  6  7  8  9 |
---------------+----------------------------+-----
Invocations    | 1 2 3 4 |  4.9
Short Blades   | 1 2 3 4 |  4.4
Long Blades    | 1 2 3 4 |  4.4
Maces & Flails | 1 2 3 4 |  4.4
Polearms       | 1 2 3 4 |  4.4
Staves         | 1 2 3 4 |  4.4
Ranged Weapons | 1 2 3 4 |  4.4
Throwing       | 1 2 3 4 |  4.4
Armour         | 1 2 3 4 |  4.4
Dodging        | 1 2 3 4 |  4.4
Stealth        | 1 2 3 4 |  4.4
Shields        | 1 2 3 4 |  4.4
Unarmed Combat | 1 2 3 4 |  4.4
Evocations     | 1 2 3 4 |  4.4
Shapeshifting  | 1 2 3 4 |  4.0
Spellcasting   | 3 4 5 |  5.3
Conjurations   | 1 2 3 |  3.6
Hexes          | 1 2 3 |  3.6
Summonings     | 1 2 3 |  3.6
Necromancy     | 1 2 3 |  3.6
Translocations | 1 2 3 |  3.6
Ice Magic      | 1 2 3 |  3.6
Air Magic      | 1 2 3 |  3.6
Earth Magic    | 1 2 3 |  3.6
Alchemy        | 1 2 3 |  3.6
Fighting       | 7 8 |  8.0
Axes           | 7 8 |  8.0
Fire Magic     | 6 |  6.6

Action                     |  1- 3 |  4- 6 |  7- 9 || total
---------------------------+-------+-------+-------++-------
  Melee: Hand axe          |   130 |    98 |    89 ||   317
         Bite              |    11 |     6 |    14 ||    31
  Throw: Boomerang         |       |    36 |     3 ||    39
   Cast: Scorch            |     5 |    28 |    84 ||   117
         Kiss of Death     |       |       |     1 ||     1
 Invoke: Fiery Armour      |       |       |     3 ||     3
         Foxfire Swarm     |       |       |     1 ||     1
  Evoke: Wand              |       |     2 |     8 ||    10
    Use: Scroll            |     1 |     1 |     5 ||     7
         Potion            |       |       |     1 ||     1
   Stab: Sleeping          |     1 |       |       ||     1
 Armour: Robe              |    53 |    10 |       ||    63
         Leather armour    |       |    10 |    86 ||    96
         Ring mail         |       |    26 |     6 ||    32
  Dodge: Dodged            |    90 |    32 |    80 ||   202
  Block: Buckler           |       |    13 |    35 ||    48
   Form: Beast             |       |       |     1 ||     1
